 Dungeon Crawl Stone Soup version 0.29-a0-2-g12fcac58f8 (webtiles) character file.

Game seed: 16633162440793859002

41 HallandMoats the Ruffian (level 3, 33/33 HPs)
             Began as a Ghoul Monk on Jan 27, 2022.
             Was a Believer of Kikubaaqudgha.
             Safely got out of the dungeon.
             The game lasted 00:01:03 (1064 turns).

HallandMoats the Ruffian (Ghoul Monk)               Turns: 1064, Time: 00:01:03

Health: 33/33      AC:  2    Str: 16    XL:     3   Next: 52%
Magic:  2/2        EV: 12    Int:  5    God:    Kikubaaqudgha [**....]
Gold:   50         SH:  0    Dex: 11    Spells: 2/2 levels left

rFire   . . .      SeeInvis .     - Unarmed
rCold   + . .      Faith    .   (no shield)
rNeg    + + +      Spirit   .   a - +0 robe
rPois   ∞          Reflect  .   (no helmet)
rElec   .          Harm     .   (no cloak)
rCorr   .          Rampage  .   (no gloves)
Will    .....                   (no boots)
Stlth   ++........              (no amulet)
HPRegen 0.11/turn               c - +4 ring of slaying
MPRegen 0.08/turn               (no ring)

@: no status effects
A: claws 1, cold resistance 1, negative energy resistance 3, inhibited
regeneration, torment resistance 2
a: Renounce Religion, Receive Corpses


You escaped.
You worshipped Kikubaaqudgha.
Kikubaaqudgha was pleased with you.
You visited 1 branch of the dungeon, and saw 2 of its levels.

You collected 50 gold pieces.

Inventory:

Armour
 a - a +0 robe (worn)
Jewellery
 c - a +4 ring of slaying (left claw)
Scrolls
 f - a scroll of identify {unknown}
 g - a scroll of teleportation {unknown}
Potions
 b - a potion of ambrosia {unknown}
 d - a potion of curing {unknown}
 e - 2 potions of flight {unknown}


   Skills:
 * Level 3.9 Fighting
 + Level 0.8 Armour
 + Level 3.0 Dodging
 - Level 2.1 Stealth
 * Level 3.9 Unarmed Combat


You had 2 spell levels left.
You didn't know any spells.
Your spell library contained the following spells:

 Spells                   Type           Power      Damage    Failure   Level
 Animate Skeleton         Necr           0%         N/A       47%         1
 Corpse Rot               Necr/Air       0%         N/A       63%         2
 Vampiric Draining        Necr           0%         2d6       85%         3
 Agony                    Necr           0%         N/A       100%        5


Dungeon Overview and Level Annotations

Branches:
Dungeon (2/15)

Altars:
Kikubaaqudgha


Innate Abilities, Weirdness & Mutations

You thrive by killing the living.
You are immune to poison.
You have sharp fingernails.
Your flesh is cold resistant. (rC+)
You are immune to negative energy. (rN+++)
You do not regenerate when monsters are visible.
You are immune to unholy pain and torment.


Message History

Increase (S)trength, (I)ntelligence, or (D)exterity?
You feel stronger. x2
You claw the adder!
The adder is almost dead.
The adder barely misses you.
You closely miss the adder.
The adder is almost dead.
The adder completely misses you.
You miss the adder.
The adder is almost dead.
The adder bites you.
* * * LOW HITPOINT WARNING * * *
You claw the adder!
You kill the adder!
Kikubaaqudgha accepts your kill.
You feel better.
Your Dodging skill increases to level 3!
Found a scroll labelled NYC TIJIEDD and 10 gold pieces.
A rat comes into view.
You are too injured to fight recklessly!
A rat is nearby!
A rat is nearby!
A ball python comes into view.
You start resting.
A ball python is nearby!
There is a stone staircase leading up here.
You climb upwards.
There is a stone staircase leading down here.
You start resting.
HP restored.
(D) Dungeon
Where to? (Enter - D:2, ? - help)
What level of the Dungeon? (default 1, ? - help)
You enter the shallow water.
Moving in this stuff is going to be slow.
You enter the shallow water.
Moving in this stuff is going to be slow.
There is a staircase leading out of the dungeon here.
Are you sure you want to leave the Dungeon?
This will make you lose the game!
You have escaped!

.#...### ##......##.#........#
.......####..##..#.....##..(###
......(.....###++#######..###
...........8.......≈≈###.##
..........#.≈≈≈≈≈≈..≈≈#..#
..........#≈≈≈...≈≈..≈####
....⌠.....#≈≈..≈..≈≈.≈#
.._.......#≈..≈≈≈.≈≈.≈#
..........#≈.≈≈.@.≈≈.≈# #######
...>.....##≈.≈≈.≈≈≈..≈# ##.....##
..........#≈.≈≈..≈..≈≈###.......#
..........#≈..≈≈...≈≈≈##.........
..........#≈≈..≈≈≈≈≈≈.#..........
.........###≈≈.......8...........
...........#####''###..#.....>...
#......##..# #..###............
....#####.## #.....†#.#.......#


There were no monsters in sight!

Vanquished Creatures
  2 adders (D:2)
  A ball python (D:2)
  An endoplasm (D:1)
  2 giant cockroaches (D:1)
  5 goblins
  A hobgoblin (D:1)
  4 quokkas
  2 bats (D:1)
  2 frilled lizards (D:1)
  A rat (D:1)
21 creatures vanquished.

Notes
Turn   | Place    | Note
-------+----------+-------------------------------------------
     0 | D:1      | HallandMoats the Ghoul Monk began the quest for the Orb.
     0 | D:1      | Reached XP level 1. HP: 19/19 MP: 0/0
   128 | D:1      | Reached XP level 2. HP: 19/26 MP: 1/1
   268 | D:1      | Found a faded altar of an unknown god.
   302 | D:1      | Prayed at the altar of an unknown god.
   302 | D:1      | Became a worshipper of Kikubaaqudgha
   302 | D:1      | Reached * piety under Kikubaaqudgha
   302 | D:1      | Received a gift from Kikubaaqudgha
   302 | D:1      | Reached ** piety under Kikubaaqudgha
   843 | D:2      | Reached XP level 3. HP: 12/33 MP: 2/2
  1064 | D:$      | Safely got out of the dungeon.

Illustrated notes

Levels and vault maps discovered:
D:1:      psy_arrival_whirlpool, layout_rooms,
          ebering_ecumenical_altar_abandoned, serial_bayou_pond_e,
          minmay_tromino_mix6
D:2:      layout_rooms, minmay_cut_off

Skill      XL: |  1  2  3 |
---------------+----------+-----
Dodging        | 3 |  3.0
Fighting       | |  3.9
Armour         | |  0.8
Stealth        | |  2.1
Unarmed Combat | |  3.9

Action                   || total
-------------------------++-------
Melee: Unarmed           ||    63
       Punch             ||     1
 Stab: Sleeping          ||     3
Armor: Robe              ||    12
Dodge: Dodged            ||    58

Table legend: (Time is in decaauts)
 A = Elapsed time spent in this place.
 B = Non-inter-level travel time spent in this place.
 C = Inter-level travel time spent in this place.
 D = Time resting spent in this place.
 E = Time spent auto-exploring this place.
 F = Levels seen in this place.
 G = Mean time per level.
                   A        B        C        D        E       F      G
               +--------+--------+--------+--------+--------+-----+--------+
         Total |   1064 |   1019 |     45 |    195 |    671 |   2 |  532.0 |
       Dungeon |   1064 |   1019 |     45 |    195 |    671 |   2 |  532.0 |
               +--------+--------+--------+--------+--------+-----+--------+

Top non-repeatable levels by time:
     D:1: 994 daAuts
     D:2: 69 daAuts
